[Event "Early-Titled-Tuesday-Blitz-February-20-2024"]
[Site "Chess.com"]
[Date "2024.02.20"]
[Round "11"]
[White "RobertoJBM"]
[Black "gpsji27"]
[Result "1-0"]
[WhiteElo "2801"]
[BlackElo "2351"]
[TimeControl "180+1"]
[EndTime "10:09:06 PST"]
[Termination "RobertoJBM won by resignation"]

1. e4 e5 2. Nf3 Nc6 3. Bb5 a6 4. Bxc6 dxc6 5. d3 Bg4 6. h3 Bxf3 7. Qxf3 Nf6 8. Bg5 Be7 9. Nc3 h6 10. Bxf6 Bxf6 11. Ne2 Qd7 12. Qg4 Qxg4 13. hxg4 O-O-O 14. f3 g6 15. Kf2 h5 16. gxh5 gxh5 17. g3 h4 18. Rag1 hxg3+ 19. Kxg3 Rdg8+ 20. Kf2 Rxg1 21. Rxh8+ Bxh8 22. Kxg1 Bf6 23. Kf2 Kd7 24. c3 Bg5 25. f4 exf4 26. Kf3 Ke6 27. Nxf4+ Ke5 28. d4+ Kd6 29. e5+ Ke7 30. Kg4 f6 31. Nd3 Bd2 32. Kf5 fxe5 33. dxe5 Be3 34. c4 b5 35. b3 c5 36. a4 c6 37. Ne1 Bd4 38. Nf3 Bc3 39. Nh4 Bd4 40. Ng6+ Kf7 41. Nf4 Ke7 42. e6 Be3 43.
Ng6+ Ke8 44. Ke5 bxa4 45. bxa4 Bd4+ 46. Kd6 Kd8 47. Kxc6 Ke8 48. Kb6 a5 49. Kxa5 Kd8 50. Kb6 Kc8 51. a5 Kd8 52. a6 1-0

[Event "Early-Titled-Tuesday-Blitz-February-20-2024"]
[Site "Chess.com"]
[Date "2024.02.20"]
[Round "11"]
[White "Iskusnyh"]
[Black "szachuspl"]
[Result "0-1"]
[WhiteElo "2665"]
[BlackElo "2532"]
[TimeControl "180+1"]
[EndTime "10:09:06 PST"]
[Termination "szachuspl won on time"]

1. d4 Nf6 2. c4 g6 3. g3 Bg7 4. Bg2 O-O 5. Nc3 d6 6. Nf3 Nbd7 7. O-O e5 8. e4 Re8 9. h3 exd4 10. Nxd4 Nc5 11.
Re1 a5 12. Ndb5 Bd7 13. Bf4 Nh5 14. Be3 Bc6 15. Qc2 Nf6 16. f3 Nfd7 17. Rad1 a4 18.
Bf2 a3 19. b3 Na6 20. Bd4 Nb4 21. Qf2 Ne5 22. Bf1 Bd7 23. f4 Nec6 24. Bxg7 Kxg7 25. Nd5 Rc8 26. Nxa3 Nxd5 27. cxd5 Ne7 28. e5 h5 29. Nc4 Nf5 30. g4 hxg4 31. hxg4 Nh6 32. g5 Nf5 33. Qb2 Kg8 34. exd6 cxd6 35. Bg2 b5 36. Nd2 Qb6+ 37.
Kh2 Ne3 38. Ne4 Rc2 39. Nf6+ Kg7 40. Nxe8+ Kf8 41. Qh8+ Ke7 42. Rxe3+ Qxe3 43. Nf6 Rxg2+ 44. Kh1 Rc2 45. Ng8+ Kd8 46. Nf6+ Kc7 47. Nxd7 Qf3+ 0-1

[Event "Early-Titled-Tuesday-Blitz-February-20-2024"]
[Site "Chess.com"]
[Date "2024.02.20"]
[Round "11"]
[White "Ezov"]
[Black "cthake"]
[Result "1-0"]
[WhiteElo "2170"]
[BlackElo "1781"]
[TimeControl "180+1"]
[EndTime "10:09:08 PST"]
[Termination "Ezov won by checkmate"]

1. d4 b6 2. Nc3 e6 3. e4 Bb7 4. f3 Bb4 5. Be3 Qh4+ 6. Bf2 Qg5 7.
Nh3 Qe7 8. Bd3 d5 9. e5 c5 10. O-O cxd4 11. Ne2 Nc6 12. f4 g6 13. Nxd4 Nxd4 14.
Bxd4 Bc5 15. c3 a6 16. Qb3 Qd7 17. Nf2 Ne7 18. Ng4 Ng8 19. a4 h5 20. Ne3 Ne7 21.
a5 Bxd4 22. cxd4 b5 23. Rac1 O-O 24. g4 hxg4 25. Nxg4 Kg7 26. Nf6 Qd8 27. Qb4 Nc6 28.
Qc5 Nxa5 29. Qc3 Nc4 30. Bxc4 bxc4 31. Qg3 Rh8 32. f5 Bc8 33. fxg6 fxg6 34. Kh1 Rb8 35. Rg1 Rh6 36. Rc2 Qh8 37. Rcg2 a5 38. Qg5 Rb7 39.
Ng4 Rh5 40. Qf6+ Kh7 41. Qxh8+ Kxh8 42. Nf6 Rh6 43. Rxg6 Rxg6 44. Rxg6 Rxb2 45. Rg8# 1-0

[Event "Early-Titled-Tuesday-Blitz-February-20-2024"]
[Site "Chess.com"]
[Date "2024.02.20"]
[Round "11"]
[White "gm_rashid"]
[Black "Doublekk14"]
[Result "1-0"]
[WhiteElo "2446"]
[BlackElo "2305"]
[TimeControl "180+1"]
[EndTime "10:09:09 PST"]
[Termination "gm_rashid won on time"]

1. d4 Nf6 2. c4 e6 3. g3 d5 4. Nf3 c5 5. cxd5 exd5 6. Bg2 h6 7. O-O Nc6 8. Nc3 Be7 9. Re1 O-O 10. Bf4 a6 11. dxc5 Bxc5 12. a3 Be6 13. Rc1 Ba7 14. Qd3 Qd7 15. Red1 Bf5 16. Qd2 Rfd8 17. Ne5 Nxe5 18.
Bxe5 Bxf2+ 19. Kh1 d4 20. Bxf6 gxf6 21. Nd5 Kg7 22.
Qf4 Qe6 23. Nc7 Qe5 24. Nxa8 Be3 25. Qxe5 fxe5 26. Nb6 Bxc1 27. Rxc1 e4 28. Rf1 Bg6 29. Nc4 d3 30. exd3 exd3 31. Nd2 Rc8 32. Be4 Rc2 33. Bxg6 Kxg6 34. Ne4 Rxb2 35. Rd1 d2 36. Rxd2 Rb3 37. Nd6 Rb2 38. Rxb2 1-0

[Event "Early-Titled-Tuesday-Blitz-February-20-2024"]
[Site "Chess.com"]
[Date "2024.02.20"]
[Round "11"]
[White "masnyszachistaaa"]
[Black "KetiTsatsalashvili"]
[Result "1-0"]
[WhiteElo "2566"]
[BlackElo "2451"]
[TimeControl "180+1"]
[EndTime "10:09:10 PST"]
[Termination "masnyszachistaaa won on time"]

1. e4 c5 2. Nf3 d6 3. c3 Nf6 4. h3 Nc6 5. Bd3 e6 6. Bc2 Be7 7. O-O O-O 8. d4 e5 9. Re1 Bd7 10. d5 Na5 11. Nbd2 b5 12. b4 Nb7 13. a4 a5 14.
bxc5 Nxc5 15. axb5 Bxb5 16. Ba3 Qc7 17. c4 Bd7 18. Nb3 Nxb3 19. Bxb3 Bc8 20. Nxe5 a4 21.
Ba2 Re8 22. Nc6 Bf8 23. Qf3 Bb7 24. Nd4 Nd7 25. Qg3 g6 26. Nf5 Ne5 27. Rac1 Kh8 28. Nd4 Bg7 29. Nb5 Qb6 30. Nxd6 Red8 31. c5 Qa7 32. c6 Ba6 33. c7 Rdc8 34. Nxc8 Rxc8 35. d6 Nd7 36. Qg4 Bb5 37. Bxf7 Qa6 38. Be6 Ne5 39. Bxc8 Qa8 40. Qe6 1-0

[Event "Early-Titled-Tuesday-Blitz-February-20-2024"]
[Site "Chess.com"]
[Date "2024.02.20"]
[Round "11"]
[White "GM_Huschenbeth"]
[Black "davigator"]
[Result "0-1"]
[WhiteElo "2494"]
[BlackElo "2396"]
[TimeControl "180+1"]
[EndTime "10:09:10 PST"]
[Termination "davigator won on time"]

1. e4 c5 2. d4 cxd4 3. c3 Nf6 4. e5 Nd5 5. Nf3 d6 6. cxd4 Nc6 7. Bc4 Nb6 8. Bb5 d5 9. h3 e6 10. O-O Be7 11. Nc3 Bd7 12. Bd3 a6 13. Qd2 Rc8 14.
Qf4 Nb4 15. Bb1 Nc4 16. Qg4 Bf8 17. a3 Nc6 18. Ng5 h6 19. Qh5 hxg5 20. Qxh8 Nxd4 21. Ba2 Ne2+ 22. Kh1 Nxc1 23. Raxc1 Nxb2 24. f4 Nd3 25. fxg5 Qxg5 26. Rc2 Qxe5 27. Qg8 f5 28. Bxd5 Rxc3 29. Rxc3 Qxc3 30. Bxe6 Bxe6 31. Qxe6+ Be7 32. Qxf5 Qc4 33. Qg6+ Kd8 34. Rd1 Bf6 35. Qxd3+ Qxd3 36. Rxd3+ Kc7 37. g4 b5 38. Kg2 Kc6 39. Kf3 Kc5 40. Ke4 Kc4 41.
Rd6 a5 42. Rb6 b4 43. axb4 axb4 44. Kf5 Bd4 45. Rb8 b3 46. h4 b2 47. Kg6 Kd3 48.
h5 Kc2 49. g5 Bc3 0-1

[Event "Early-Titled-Tuesday-Blitz-February-20-2024"]
[Site "Chess.com"]
[Date "2024.02.20"]
[Round "11"]
[White "Dinosaurio_1975"]
[Black "ajeale2"]
[Result "0-1"]
[WhiteElo "2581"]
[BlackElo "2499"]
[TimeControl "180+1"]
[EndTime "10:09:13 PST"]
[Termination "ajeale2 won by checkmate"]

1. e4 g6 2. d4 Bg7 3. Nc3 d6 4. f4 Nf6 5. Bd3 c5 6. dxc5 dxc5 7. e5 Ng4 8. Nf3 O-O 9. O-O Nc6 10. h3 Nh6 11. Be3 Nd4 12. Ne4 b6 13. c3 Nxf3+ 14.
Rxf3 Bb7 15. Rf1 Qd5 16. Qe2 Rad8 17. Rad1 Qxa2 18. Bc4 Qa4 19. Ng5 Rxd1 20. Rxd1 Nf5 21. Bf2 h6 22. Nxf7 Rxf7 23. Rd8+ Bf8 24. Bxf7+ Kxf7 25. e6+ Kg8 26. Qg4 Kg7 27. Rxf8 Kxf8 28. Qxg6 Nd6 29. Qxh6+ Kg8 30. Qg6+ Kf8 31. Qh6+ Kg8 32.
Bh4 Qe4 33. Qg5+ Kh7 34. Qh5+ Kg7 35. Qg4+ Qg6 36. Bxe7 Nf5 37. Bg5 Ne3 38. Qe2 Qxe6 39. f5 Qxf5 40. Qxe3 Qc2 41. Kh2 Qxg2# 0-1

[Event "Early-Titled-Tuesday-Blitz-February-20-2024"]
[Site "Chess.com"]
[Date "2024.02.20"]
[Round "11"]
[White "JonSnowNW1"]
[Black "DKmirl"]
[Result "1-0"]
[WhiteElo "2506"]
[BlackElo "2331"]
[TimeControl "180+1"]
[EndTime "10:09:13 PST"]
[Termination "JonSnowNW1 won by checkmate"]

1. c4 Nf6 2. Nc3 d5 3. cxd5 Nxd5 4. g3 e5 5. Bg2 Be6 6. Nf3 Bd6 7. O-O O-O 8. d3 c6 9. Ng5 Nxc3 10. bxc3 Bf5 11.
Rb1 Qc7 12. Ne4 Be7 13. Qb3 b6 14. Ng5 h6 15. Nf3 Be6 16. Qa4 Nd7 17. c4 Nc5 18. Qc2 Bf5 19. e4 Be6 20. Bb2 Bf6 21. Ba3 Be7 22. Rfd1 Rfd8 23. Bb2 Bf6 24. h3 Rd7 25. d4 exd4 26. Nxd4 Bxd4 27. Bxd4 Rad8 28. Ba1 Rxd1+ 29. Rxd1 f6 30. Rxd8+ Qxd8 31. e5 Qd7 32. exf6 gxf6 33. Bxf6 Bf5 34. Qc1 Qh7 35. Qf4 Qg6 36. Qe5 Be6 37.
Bxc6 Kf7 38. Bh4 Qb1+ 39. Kh2 Qf1 40. Qf6+ Kg8 41. Qg6+ Kf8 42. Qxh6+ Kf7 43. Qh7+ Kf8 44. Be7# 1-0

[Event "Early-Titled-Tuesday-Blitz-February-20-2024"]
[Site "Chess.com"]
[Date "2024.02.20"]
[Round "11"]
[White "BogdanDeac"]
[Black "Kobalia"]
[Result "1-0"]
[WhiteElo "3046"]
[BlackElo "2818"]
[TimeControl "180+1"]
[EndTime "10:09:15 PST"]
[Termination "BogdanDeac won on time"]

1. d4 d5 2. Nf3 Nf6 3. Bf4 c5 4. e3 Nc6 5. c3 cxd4 6. exd4 Bf5 7. Qb3 Qb6 8. Qxb6 axb6 9. Na3 e6 10. Nb5 Kd7 11. Bc7 Ra6 12. Bg3 Ne4 13. Bf4 f6 14. Nd2 g5 15. Be3 Ra8 16. Nxe4 Bxe4 17. f3 Bg6 18. h4 gxh4 19. Rxh4 Na5 20. Rd1 Nc4 21.
Bxc4 dxc4 22. d5 Rc8 23. dxe6+ Kxe6 24. Na7 Ra8 25. Bxb6 Bd3 26. Kf2 Kf7 27. b3 Be7 28. bxc4 Bf5 29. a4 h5 30. a5 Rag8 31. c5 Rg7 32. c6 Rhg8 33. Rh2 bxc6 34. Nxc6 Rc8 35.
Nxe7 Kxe7 36. Rxh5 Bc2 37. Re1+ Kf7 38. Rc5 Rcg8 39. Rc7+ Kg6 40. Rxg7+ Rxg7 41. a6 1-0

[Event "Early-Titled-Tuesday-Blitz-February-20-2024"]
[Site "Chess.com"]
[Date "2024.02.20"]
[Round "11"]
[White "carokannlover213"]
[Black "Ali_rastbod"]
[Result "0-1"]
[WhiteElo "2834"]
[BlackElo "2708"]
[TimeControl "180+1"]
[EndTime "10:09:15 PST"]
[Termination "Ali_rastbod won on time"]

1. e4 c6 2. Nf3 d5 3. Nc3 g6 4.
d4 Bg7 5. h3 Nh6 6. Bf4 f6 7.
Qd2 Nf7 8. exd5 cxd5 9. Bb5+ Nc6 10. O-O O-O 11. Rfe1 g5 12. Bg3 Bf5 13. Bd3 e6 14. h4 h6 15. hxg5 hxg5 16. Bxf5 exf5 17. Qd3 Qd7 18. Qb5 Rad8 19. Rad1 a6 20. Qd3 b5 21. a3 Na5 22. Ra1 Rfe8 23. b3 Nc6 24. a4 b4 25.
Na2 f4 26. Bh2 a5 27. c4 Nd6 28. cxd5 Ne7 29. Nd2 Nxd5 30. Nc4 Nxc4 31. Qxc4 Rxe1+ 32. Rxe1 Rc8 33. Qa6 Rc2 34. Nc1 Qc6 35. Qf1 f5 36. Ne2 Rb2 37. Rc1 Rc2 38. Rxc2 Qxc2 39. f3 Ne3 40.
Qe1 Qxb3 41. Qc1 Qd3 42. Qc8+ Kh7 0-1

[Event "Early-Titled-Tuesday-Blitz-February-20-2024"]
[Site "Chess.com"]
[Date "2024.02.20"]
[Round "11"]
[White "Jamal-Jamal-Jamal"]
[Black "campochess"]
[Result "1-0"]
[WhiteElo "2273"]
[BlackElo "2148"]
[TimeControl "180+1"]
[EndTime "10:09:16 PST"]
[Termination "Jamal-Jamal-Jamal won on time"]

1. d4 Nf6 2. f3 d5 3. e4 dxe4 4. fxe4 e5 5. Nf3 exd4 6. e5 Ng4 7. Bc4 Bc5 8. O-O d3+ 9. Kh1 Nf2+ 10. Rxf2 Bxf2 11.
cxd3 Be6 12. Bg5 Qd7 13. Qe2 Bb6 14. Nc3 Nc6 15. Ne4 Nd4 16. Nxd4 Bxd4 17. Rf1 h6 18. Bf6 Rg8 19. Bxg7 O-O-O 20. Nf6 Qc6 21. Bxe6+ fxe6 22. Nxg8 Rxg8 23. Bf6 b6 24. b3 Kb7 25. Qf3 Qxf3 26.
Rxf3 a5 27. g3 Kc6 28. Kg2 Kd5 29. Rf1 a4 30. Kf3 axb3 31. axb3 Ra8 32. Kg4 Ra2 33. h4 Rb2 34. Kh5 Rxb3 35. Kxh6 Rxd3 36. g4 Rg3 37. g5 Be3 38. h5 c5 39. Re1 Bf4 40. Kg6 Rh3 41.
h6 c4 42. h7 c3 43. h8=Q Rxh8 44. Bxh8 c2 45. Kh5 c1=Q 46. Rxc1 Bxc1 47. g6 1-0

[Event "Early-Titled-Tuesday-Blitz-February-20-2024"]
[Site "Chess.com"]
[Date "2024.02.20"]
[Round "11"]
[White "Orest_Vovk"]
[Black "TitarovVasiliYouTube"]
[Result "1-0"]
[WhiteElo "2655"]
[BlackElo "2509"]
[TimeControl "180+1"]
[EndTime "10:09:17 PST"]
[Termination "Orest_Vovk won by resignation"]

1. h4 d5 2. h5 e5 3. h6 Nxh6 4. d4 e4 5. Bxh6 gxh6 6. e3 Bg7 7. c4 c5 8. Nc3 cxd4 9. Nxd5 dxe3 10. Nxe3 Be6 11.
Qxd8+ Kxd8 12. O-O-O+ Kc8 13. Rh4 f5 14. Nh3 Nc6 15.
Nf4 Bd7 16. Ned5 b6 17. c5 Kb7 18. Nxb6 Be8 19. Nxa8 Kxa8 20. Ne6 Be5 21. Rxh6 Bg6 22. Rd7 Re8 23. Nc7+ Bxc7 24. Rxc7 Ne5 25. Ba6 Ng4 26.
Rhxh7 Bxh7 27. Rxh7 Ne5 28. b4 Kb8 29. b5 Nd3+ 30. Kd2 Nxc5 31. Ke3 Nxa6 32. bxa6 Re6 33. Rb7+ Ka8 34. Rf7 Rxa6 35. Rxf5 Ra4 36. g4 Kb8 37. g5 Ra5 38. Rxa5 1-0

[Event "Early-Titled-Tuesday-Blitz-February-20-2024"]
[Site "Chess.com"]
[Date "2024.02.20"]
[Round "11"]
[White "viktorskliarov"]
[Black "ARMQUEEN"]
[Result "1-0"]
[WhiteElo "2582"]
[BlackElo "2476"]
[TimeControl "180+1"]
[EndTime "10:09:17 PST"]
[Termination "viktorskliarov won by resignation"]

1. e4 c5 2. Nf3 Nc6 3. Bb5 g6 4.
O-O Bg7 5. Re1 d6 6. h3 Nf6 7. e5 Nd5 8. Bxc6+ bxc6 9. exd6 Qxd6 10. d3 O-O 11. Nbd2 Rb8 12. Ne4 Qc7 13. Nxc5 Bxb2 14.
Bxb2 Rxb2 15. Nb3 Nb4 16. Qc1 Rxc2 17. Qh6 f6 18. Re4 Nd5 19. Nfd4 Rb2 20. Qc1 Rxb3 21. axb3 e5 22. Qxc6 Qf7 23. Nf3 Bf5 24. Rea4 Rc8 25.
Qd6 Rc7 26. Rc4 Rd7 27. Qb8+ Kg7 28. Rca4 Rb7 29. Qxb7 Qxb7 30. Rxa7 Qxa7 31. Rxa7+ Kh6 32. d4 exd4 33. Nxd4 Bd3 34. Rd7 Nb4 35. Ne6 Bf5 36.
Rd6 Bc2 37. Nd4 Be4 38. Rxf6 Kg5 39. Rb6 Nd5 40. Rd6 Nb4 41. Ne2 Bc2 42. Rd4 Na2 43. b4 Ba4 44. b5 Bxb5 45. Rd5+ 1-0

[Event "Early-Titled-Tuesday-Blitz-February-20-2024"]
[Site "Chess.com"]
[Date "2024.02.20"]
[Round "11"]
[White "azikom"]
[Black "tusplingher"]
[Result "1-0"]
[WhiteElo "2647"]
[BlackElo "2470"]
[TimeControl "180+1"]
[EndTime "10:09:17 PST"]
[Termination "azikom won by resignation"]

1. e4 c5 2. Nc3 Nc6 3. g3 g6 4. Bg2 Bg7 5. d3 e6 6. h4 h5 7. Nh3 Nge7 8. Be3 b6 9. Qd2 d5 10. exd5 exd5 11. Bg5 Be6 12. Nf4 Qd7 13. Nxe6 Qxe6+ 14. Kf1 f6 15. Re1 Ne5 16. Bf4 O-O 17. d4 cxd4 18.
Qxd4 Rad8 19. a4 Kh7 20. b3 Qf7 21. Kg1 Rfe8 22. Nb5 Nf5 23. Qd1 Ng4 24. Rxe8 Rxe8 25. Bf3 Ne5 26. Bxd5 Rd8 27. c4 Ne7 28. Bxe5 Nxd5 29.
Bb2 a6 30. Na3 Qe6 31. cxd5 Rxd5 32. Qf3 Rd2 33. Nc4 Rc2 34. Bd4 b5 35. axb5 axb5 36. Ne3 Qxb3 37. Kg2 Rc8 38. Qd5 Qxd5+ 39. Nxd5 Rd8 40.
Nxf6+ Kh8 41. Ba1 b4 42. Ne4 Bxa1 43. Rxa1 Rb8 44. Rb1 b3 45. Rb2 Rb4 46. Nc5 1-0

[Event "Early-Titled-Tuesday-Blitz-February-20-2024"]
[Site "Chess.com"]
[Date "2024.02.20"]
[Round "11"]
[White "Capablanca_Oujda_2021"]
[Black "Al_Shima"]
[Result "0-1"]
[WhiteElo "2500"]
[BlackElo "2401"]
[TimeControl "180+1"]
[EndTime "10:09:18 PST"]
[Termination "Al_Shima won by resignation"]

1. b3 e5 2. Bb2 Nc6 3. g3 d5 4.
Bg2 Be6 5. e3 Qd7 6. h4 O-O-O 7.
Nc3 d4 8. Ne4 Bd5 9. f3 f5 10.
Ng5 h6 11. e4 hxg5 12. exd5 Qxd5 13. Qe2 gxh4 14. O-O-O Nf6 15. Kb1 Bb4 16. gxh4 d3 17. cxd3 Qxd3+ 18. Qxd3 Rxd3 19. Kc2 Rhd8 20. Bc1 Nh5 21.
Bh3 g6 22. Ne2 Rxf3 23. Bg2 Rfd3 24. Bxc6 bxc6 25. Rhg1 R8d6 26. Rxg6 Rxg6 27. Kxd3 Rd6+ 28. Kc2 f4 29. Nc3 Bxc3 30. Kxc3 e4 31. Ba3 Rd3+ 32. Kc2 Rd8 33. Bc5 Re8 34. Bxa7 f3 35. Be3 Rg8 36.
Bg5 Re8 37. Re1 Ng3 38. d3 f2 39. Rd1 e3 40. Bxe3 Rxe3 41. Kd2 f1=Q 42. Rxf1 Nxf1+ 0-1

[Event "Early-Titled-Tuesday-Blitz-February-20-2024"]
[Site "Chess.com"]
[Date "2024.02.20"]
[Round "11"]
[White "Carlitus2004"]
[Black "rhungaski"]
[Result "0-1"]
[WhiteElo "2401"]
[BlackElo "2590"]
[TimeControl "180+1"]
[EndTime "10:09:19 PST"]
[Termination "rhungaski won by resignation"]

1. Nf3 g6 2. g3 Bg7 3. Bg2 d6 4. O-O Nf6 5. b3 O-O 6. Bb2 e5 7. c4 Re8 8. d3 c6 9. Nbd2 a5 10. a3 h6 11. Qc2 Na6 12. Bc3 Bf5 13. b4 axb4 14. axb4 Qd7 15. Rfb1 Bh3 16. Bh1 Ng4 17. Ra2 Nc7 18. Rxa8 Rxa8 19. Ra1 Rxa1+ 20. Bxa1 e4 21. Bxg7 exf3 22. exf3 Kxg7 23. fxg4 Qxg4 24. Bf3 Qd4 25. Bg2 Bf5 26. Be4 Bh3 27. Bg2 Bxg2 28. Kxg2 Ne6 29.
Nf3 Qf6 30. h4 Qxf3+ 31. Kxf3 Nd4+ 32. Ke4 Nxc2 33. b5 Kf6 34. d4 Ke6 35. d5+ cxd5+ 36. cxd5+ Kf6 37. g4 g5 38. hxg5+ hxg5 39. Kd3 Ne1+ 40.
Ke4 Ng2 41. Kf3 Nf4 42. Ke4 b6 43. Kd4 Nh3 44. f3 Nf4 45. Ke4 Ng6 46. Kd4 Nh4 47.
Ke4 Ng2 48. Kd4 Kg6 49. Ke4 Nf4 50. Kd4 f6 51. Ke4 Kf7 52. Kf5 Ng6 53. Ke4 Ne7 54. Kd4 f5 55. Kc4 Kf6 56. Kd4 Ng6 57. Kd3 fxg4 58.
fxg4 Ne5+ 59. Ke4 Nxg4 0-1

[Event "Early-Titled-Tuesday-Blitz-February-20-2024"]
[Site "Chess.com"]
[Date "2024.02.20"]
[Round "11"]
[White "Sam_ChessMood"]
[Black "Jumbo"]
[Result "1-0"]
[WhiteElo "2942"]
[BlackElo "2829"]
[TimeControl "180+1"]
[EndTime "10:09:20 PST"]
[Termination "Sam_ChessMood won on time"]

1. d4 Nf6 2. c4 e6 3. Nf3 Bb4+ 4. Nbd2 d5 5. g3 O-O 6. Bg2 b6 7. O-O Bb7 8. Ne5 Qc8 9. Qc2 a5 10. a3 Be7 11. b3 c5 12. dxc5 bxc5 13. cxd5 exd5 14.
Bb2 Na6 15. Rac1 Qe6 16. Nd3 Rfd8 17. Nf4 Qb6 18. Rfd1 Rac8 19. Nf3 h6 20. Bh3 Rb8 21. Ne5 Nc7 22. b4 axb4 23. axb4 Qxb4 24. Bc3 Qe4 25.
Qxe4 Nxe4 26. Ba5 Bd6 27. Nd7 Ra8 28. Bxc7 Bxc7 29. Nxc5 Nxc5 30. Rxc5 Bxf4 31. gxf4 d4 32. Rc7 Be4 33. Re7 Bc2 34. Rd2 d3 35. exd3 Bxd3 36. Re1 Bb5 37. Rxd8+ Rxd8 38. Bg2 Rd4 39. Be4 g6 40. f5 g5 41. f6 Rd6 42. Rb1 Re6 43.
Bd5 1-0

[Event "Early-Titled-Tuesday-Blitz-February-20-2024"]
[Site "Chess.com"]
[Date "2024.02.20"]
[Round "11"]
[White "ACollins05"]
[Black "N_I_Chess"]
[Result "0-1"]
[WhiteElo "2567"]
[BlackElo "2350"]
[TimeControl "180+1"]
[EndTime "10:09:23 PST"]
[Termination "N_I_Chess won by checkmate"]

1. d4 Nf6 2. c4 e6 3. Nf3 Bb4+ 4. Nbd2 c5 5. a3 Bxd2+ 6. Qxd2 cxd4 7. Qxd4 O-O 8. g3 d5 9. Bg2 Nc6 10. Qh4 dxc4 11. Bg5 Qa5+ 12. Bd2 Qb6 13. Bc3 Nd5 14. Qxc4 Na5 15. Bxa5 Qxa5+ 16. b4 Qb6 17. O-O Bd7 18. Ne5 Bb5 19. Qc2 Rac8 20. Qb2 Nc3 21. Rfe1 Rfd8 22. Nf3 h6 23. e3 Ba4 24. Rac1 Nd1 25. Qa1 Rxc1 26. Qxc1 Qc6 27. Qxc6 Bxc6 28. Nd4 Bxg2 29.
Kxg2 Nc3 30. Rc1 Nd5 31. Nb3 b6 32. Kf3 Rd7 33. Nd4 Kf8 34. Rc8+ Ke7 35. h4 Kf6 36. Ra8 Nc3 37. Nc6 Rc7 38. Nxa7 Nd1 39. Nc8 Rc2 40. g4 Rxf2+ 41. Kg3 Re2 42. Nxb6 Rxe3+ 43. Kf4 g5+ 44. hxg5+ hxg5# 0-1

[Event "Early-Titled-Tuesday-Blitz-February-20-2024"]
[Site "Chess.com"]
[Date "2024.02.20"]
[Round "11"]
[White "lachesisQ"]
[Black "ckgchess"]
[Result "1-0"]
[WhiteElo "3059"]
[BlackElo "2892"]
[TimeControl "180+1"]
[EndTime "10:09:24 PST"]
[Termination "lachesisQ won on time"]

1. e4 c5 2. Nf3 d6 3. d4 cxd4 4. Nxd4 Nf6 5. Nc3 e5 6. Bb5+ Nbd7 7. Nf5 a6 8. Bxd7+ Qxd7 9. Bg5 Nxe4 10. Nxg7+ Bxg7 11. Nxe4 O-O 12. Qd5 Qf5 13. f3 Be6 14.
Qxd6 Rfc8 15. Qd2 Rc6 16. Rd1 Rac8 17. c3 Bxa2 18. O-O Bb3 19. Rde1 Qg6 20. f4 f5 21.
Ng3 Rd6 22. Qe3 e4 23. Qa7 Qf7 24. Ne2 Bc4 25. Rf2 Bf8 26. Nd4 Rd7 27. Qb6 h6 28. Bh4 Rd6 29. Qa5 Rd5 30. Qa4 a5 31. h3 b5 32.
Qxa5 Ra8 33. Qxa8 b4 34. Re3 Kh7 35. Rg3 bxc3 36. bxc3 Bg7 37. Rxg7+ Qxg7 38. Qe8 Ra5 39. Kh2 Bd3 40. Qe6 Qg6 41. Qe7+ Qg7 42. Qxg7+ Kxg7 43. Rb2 Rc5 44. Be1 Kg6 45. Rb6+ Kh5 46. Ne6 Rc7 47.
Nxc7 1-0

[Event "Early-Titled-Tuesday-Blitz-February-20-2024"]
[Site "Chess.com"]
[Date "2024.02.20"]
[Round "11"]
[White "bazar-wokzal"]
[Black "Juicy_Fork"]
[Result "1-0"]
[WhiteElo "2690"]
[BlackElo "2510"]
[TimeControl "180+1"]
[EndTime "10:09:26 PST"]
[Termination "bazar-wokzal won on time"]

1. e4 e5 2. Bc4 Nf6 3. d3 Nc6 4. Nf3 Bc5 5. Bg5 h6 6. Bh4 g5 7. Bg3 d6 8. Nc3 Bg4 9. h4 Bh5 10. hxg5 hxg5 11. Nxg5 Qe7 12. Nd5 Bxd1 13. Rxh8+ Kd7 14.
Nxe7 Rxh8 15. Nxc6 Bg4 16. Kd2 bxc6 17. Nxf7 Rb8 18.
Rb1 Ke7 19. Nh6 Be6 20. Bxe6 Kxe6 21. Nf5 d5 22. f3 Rg8 23. b4 Bf8 24. Rh1 Bxb4+ 25.
c3 Bd6 26. Rh6 Bf8 27. Rh2 a5 28. a4 Nd7 29. Rh7 Nc5 30. Rxc7 Nxa4 31. Rxc6+ Kd7 32. exd5 Rg5 33. Rf6 Ba3 34. c4 Bb4+ 35. Ke2 Nc3+ 36. Kf1 a4 37. Bh4 Rg8 38. Ra6 a3 39. Ra7+ Kc8 40.
d6 Rf8 41. d7+ Kb8 42. Rxa3 Bxa3 43. d8=Q+ Rxd8 44. Bxd8 Kc8 45. Bf6 1-0

[Event "Early-Titled-Tuesday-Blitz-February-20-2024"]
[Site "Chess.com"]
[Date "2024.02.20"]
[Round "11"]
[White "Bauman_Guy"]
[Black "JSPrepz"]
[Result "1-0"]
[WhiteElo "2930"]
[BlackElo "2866"]
[TimeControl "180+1"]
[EndTime "10:09:27 PST"]
[Termination "Bauman_Guy won by resignation"]

1. e4 e5 2. Nf3 Nc6 3. Bb5 f5 4. Nc3 fxe4 5. Nxe4 d5 6. Ng3 Bg4 7. h3 Bxf3 8. Qxf3 Nf6 9. d4 e4 10. Qe2 Bd6 11. O-O O-O 12. c3 Ne7 13. Ba4 c6 14. Bc2 Kh8 15. Be3 Ng6 16. Nf5 Bc7 17. f3 Qd7 18.
fxe4 Nxe4 19. Bxe4 dxe4 20. Qg4 Rae8 21. Rf2 Rf7 22. Raf1 Ref8 23. Nh6 Rxf2 24. Rxf2 Qxg4 25. Nxg4 Re8 26. Rf7 Re7 27. Rxe7 Nxe7 28. Kf1 Nd5 29. Ke2 Bg3 30. c4 Nb4 31. Bd2 Nd3 32. b3 h5 33.
Ne3 Nf4+ 34. Kf1 g6 35. Nd1 Nd3 36. Nc3 Nb4 37. Nxe4 Nxa2 38. Nxg3 Kg7 39. Ke2 Kf6 40.
h4 Ke6 41. Kd3 b5 42. Kc2 a5 43. Bxa5 b4 44. Ne2 Kf5 45. Kb2 1-0

[Event "Early-Titled-Tuesday-Blitz-February-20-2024"]
[Site "Chess.com"]
[Date "2024.02.20"]
[Round "11"]
[White "Leonid_Starozhilov"]
[Black "secrethawk1"]
[Result "1-0"]
[WhiteElo "2689"]
[BlackElo "2491"]
[TimeControl "180+1"]
[EndTime "10:09:30 PST"]
[Termination "Leonid_Starozhilov won by checkmate"]

1. e4 c6 2. Nc3 d5 3. Nf3 Bg4 4. h3 Bxf3 5. Qxf3 e6 6. g3 Nf6 7. Bg2 Nbd7 8. O-O Be7 9. d3 O-O 10. Kh2 Qc7 11. Qe2 Rfe8 12. f4 Nf8 13. Bd2 b5 14.
Rae1 a5 15. Nd1 Rad8 16. e5 N6d7 17. d4 b4 18. Ne3 c5 19. c3 cxd4 20. cxd4 f6 21. f5 fxe5 22. fxe6 Nxe6 23. Bxd5 Nf8 24. Qg4 Qd6 25. dxe5 Qxe5 26. Rf5 Qxb2 27. Re2 Bf6 28. Ref2 Kh8 29. Nc4 Qb1 30. Bh6 gxh6 31. Bxe6 Nxe6 32. Rxf6 Rd1 33. Qf3 Rdd8 34. Ne5 Ng5 35. Nf7+ Nxf7 36. Rxf7 Qg6 37. Rf6 Qg7 38. Qf4 Rg8 39. g4 h5 40.
Rf7 Qd4 41. Qf5 Qd6+ 42. Kg2 Qg6 43. Qe5+ Rg7 44. R2f6 Qxf7 45. Rxf7 Rd2+ 46. Kg3 hxg4 47. Qxg7# 1-0

[Event "Early-Titled-Tuesday-Blitz-February-20-2024"]
[Site "Chess.com"]
[Date "2024.02.20"]
[Round "11"]
[White "ilqar_74"]
[Black "AniJak"]
[Result "1-0"]
[WhiteElo "2824"]
[BlackElo "2377"]
[TimeControl "180+1"]
[EndTime "10:09:30 PST"]
[Termination "ilqar_74 won on time"]

1. e4 c6 2. Nf3 d5 3. Nc3 dxe4 4. Nxe4 Nf6 5. Qe2 Nxe4 6. Qxe4 Qa5 7. Bc4 Qf5 8. Qxf5 Bxf5 9. c3 Nd7 10. d4 Bg4 11.
Ng5 e6 12. h3 Bh5 13. g4 Bg6 14. Bf4 h6 15. Nf3 Be4 16. Ke2 Nb6 17. Bd3 Bxf3+ 18.
Kxf3 O-O-O 19. Rhd1 Bd6 20. Bd2 Be7 21. Be3 Nd5 22. Bd2 Bg5 23. Be1 Nf4 24. Bf1 Ng6 25.
Bd3 Nf4 26. Kg3 Nd5 27. Be4 Bf4+ 28. Kf3 Bg5 29. Bd2 Bxd2 30. Rxd2 Rd7 31. Rg1 g6 32. h4 Nf6 33. Bc2 e5 34. h5 Rg8 35. hxg6 fxg6 36. Bb3 Rf8 37. Be6 Nh5+ 38. Ke4 Nf6+ 39. Kd3 e4+ 40.
Ke2 Kc7 41. Bxd7 Kxd7 42. g5 hxg5 43. Rxg5 Nd5 44. Re5 Rf4 45. Rd1 Nf6 46. Ke3 Rf3+ 47. Ke2 Rf4 48. Rg5 Ng4 49. Rf1 Nh2 50. Rh1 Ng4 51.
Rh7+ Ke8 52. Rxg6 Nf6 53. Rxb7 Kf8 54. Rxa7 Ng4 55. Rxg4 Rxg4 56. a4 1-0